 Dungeon Crawl Stone Soup version 0.30-a0-743-gbfdf073431 (webtiles) character file.

Game seed: 17549747565162327845

1869 croobank the Covert (level 9, 0/63 HPs)
             Began as an Octopode Delver on Feb 7, 2023.
             Killed by nerve-wracking pain
             ... invoked by an orc priest
              (12 damage)
             ... on level 6 of the Dungeon.
             The game lasted 00:20:43 (5540 turns).

croobank the Covert (Octopode Delver)               Turns: 5540, Time: 00:20:43

Health: 0/63       AC:  1    Str: 11    XL:     9   Next: 13%
Magic:  16/16      EV: 15    Int: 17    God:
Gold:   215        SH:  0    Dex: 13    Spells: 12/18 levels left

rFire   . . .      SeeInvis .    a - +0 dagger (elec)
rCold   . . .      Faith    .    (no shield)
rNeg    . . .      Spirit   .    (helmet restricted)
rPois   .          Reflect  .    p - amulet of regeneration
rElec   .          Harm     .    B - ring of flight
rCorr   .          Rampage  .    i - ring of willpower
Will    +....                    (no ring)
Stlth   +++++                    (no ring)
HPRegen 1.10/turn                (no ring)
MPRegen 0.15/turn                (no ring)
                                 (no ring)
                                 (no ring)

@: flying
A: almost no armour, amphibious, 8 rings, camouflage 1, gelatinous body 1,
(nimble swimmer 1), tentacles
a: no special abilities


You were on level 6 of the Dungeon.
You visited 2 branches of the dungeon, and saw 7 of its levels.

You collected 270 gold pieces.
You spent 55 gold pieces at shops.

Inventory:

Hand Weapons
 a - a +0 dagger of electrocution (weapon)
 b - a +3 sling
 m - a +0 falchion
 q - a +0 long sword
 s - a +2 short sword of protection
 t - a +1 flail of protection
 w - a +0 hand axe
 y - a +0 war axe
 D - a +0 scimitar
Missiles
 C - a poisoned dart (quivered)
Jewellery
 i - a ring of willpower (right tentacle)
 p - an amulet of regeneration (around mantle)
 B - a ring of flight (left tentacle)
Wands
 f - a wand of digging (3)
 h - a wand of iceblast (1)
 v - a wand of charming (8)
Scrolls
 c - a scroll of enchant weapon {unknown}
 g - a scroll of vulnerability
 j - 3 scrolls of fog
 k - 2 scrolls of amnesia
 r - a scroll of blinking
 u - 5 scrolls of identify
 x - a scroll of immolation
 z - a scroll of enchant armour
 A - a scroll of poison {unknown}
Potions
 e - 3 potions of cancellation {unknown}
 l - a potion of resistance {unknown}
 n - 5 potions of mutation
 o - a potion of haste


   Skills:
 + Level 6.8 Fighting
 + Level 6.1 Axes
 + Level 6.1 Dodging
 + Level 10.7 Stealth
 + Level 5.1 Spellcasting
 + Level 5.6 Translocations


You had 12 spell levels left.
You knew the following spells:

 Your Spells              Type           Power      Damage    Failure   Level
a - Blink                 Tloc           46%        N/A       2%          2
b - Manifold Assault      Tloc           23%        N/A       14%         4

Your spell library contained the following spells:

 Spells                   Type           Power      Damage    Failure   Level
 Hailstorm                Conj/Ice       4%         3d4       38%         3
 Ice Form                 Ice/Tmut       4%         N/A       80%         4
 Simulacrum               Ice/Necr       2%         N/A       100%        6
 Storm Form               Tmut/Air       2%         N/A       100%        7


Dungeon Overview and Level Annotations

Branches:
Dungeon (6/15)             Temple (1/1) D:5

Altars:
Ashenzari
Cheibriados
Dithmenos
Elyvilon
Fedhas
Hepliaklqana
Makhleb
Nemelex Xobeh
Qazlal
Sif Muna
Trog
Uskayaw
Vehumet
Xom
Yredelemnul
Zin
The Shining One

Shops:
D:2 !   D:4 (([

Annotations:
D:5 2 runed translucent doors, indyram44's ghost, amateur DsFi


Innate Abilities, Weirdness & Mutations

You cannot wear most types of armour.
You are amphibious.
You can wear up to eight rings at the same time.
Your skin changes colour to match your surroundings (Stealth+).
Your rubbery body absorbs attacks. (AC +1, EV +1)
((You are camouflaged when in or above water. (Stealth+)))
You have tentacles for arms and can constrict up to eight enemies at once.


Message History

You constrict the orc priest, but do no damage.
The black bear barely misses you. x2; The black bear claws you.
The orc priest calls down the wrath of Beogh upon you.
Pain shoots through your body!
You are too injured to fight recklessly!
You are too injured to fight recklessly!
You release your grip on the orc priest.
The black bear attacks as you move away!
The black bear bites you. The black bear claws you.
The black bear barely misses you.
The black bear attacks as you move away!
The black bear bites you. The black bear completely misses you.
The black bear misses you.
The orc priest attacks as you move away!
The orc priest hits you with a +1 dagger of flaming.
* * * LOW HITPOINT WARNING * * *
The orc priest burns you.
* * * LOW HITPOINT WARNING * * *
A jelly comes into view.
The black bear attacks as you move away!
The black bear completely misses you. The black bear claws you.
* * * LOW HITPOINT WARNING * * *
The black bear claws you.
* * * LOW HITPOINT WARNING * * *
The black bear bites you.
* * * LOW HITPOINT WARNING * * *
The black bear closely misses you. x2
There is a stone staircase leading up here.
Sorry, you're not good enough to have a special ability.
Unknown command.
Okay, then.
Sorry, you're not good enough to have a special ability.
Unknown command.
As you read the scroll of fear, it crumbles to dust.
You assume a fearsome visage.
The black bear looks frightened!
The orc priest looks frightened!
The orc looks frightened!
The ice beast looks frightened!
The orc priest mumbles some strange prayers to Beogh against you.
Pain shoots through your body!
You die...

.. .###..............^....
... ..............8........
...# #.....................
..#>. #...Y.......8..##....
.....###..............#...#
.......#h................##
#.........o..........##....
..................##.###.#.
........#.@..#....##..##...
..........######...#.###.#.
........#o# ##........#.
...#.#..#.. #..##.#..... ..
#.#..#.....8...####.#... .
. .............# ##...
.......$....8...# ###....
...........##......
.................


You could see a black bear (fleeing), an ice beast (fleeing), an orc priest
(fleeing) and an orc (fleeing).

Vanquished Creatures
  A wraith (D:5)
  2 ice beasts
  An orc warrior (D:5)
  A black bear (D:5)
  2 ogres
  A phantom (D:5)
  Blork the orc (D:4)
  3 necrophages
  3 scorpions
  A jelly (D:5)
  6 hounds
  2 orc priests
  A gnoll bouda (D:5)
  An iguana (D:5)
  3 orc wizards
  8 gnolls
  6 adders
  An ufetubus (D:5)
  A worm (D:3)
  2 dart slugs (D:2)
  11 orcs
  6 ball pythons
  2 bats
  6 endoplasms
  2 giant cockroaches
  10 goblins
  6 hobgoblins
  11 jackals
  3 quokkas
  5 frilled lizards
  6 kobolds
  5 rats
120 creatures vanquished.

Vanquished Creatures (collateral kills)
  A worm (D:4)
1 creature vanquished.

Vanquished Creatures (others)
  4 plants (D:5)
4 creatures vanquished.

Grand Total: 125 creatures vanquished

Notes
Turn   | Place    | Note
-------+----------+-------------------------------------------
     0 | D:5      | croobank the Octopode Delver began the quest for the Orb.
     0 | D:5      | Reached XP level 1. HP: 16/16 MP: 1/1
     8 | D:6      | Noticed a necrophage
    32 | D:6      | Noticed an orc wizard
    82 | D:5      | Found a burning altar of Makhleb.
    84 | D:5      | Noticed a cacodemon
    86 | D:5      | Found a glowing silver altar of Zin.
    87 | D:5      | Noticed an angel
    89 | D:5      | Noticed a jelly
   103 | D:5      | Found a runed translucent door.
   107 | D:5      | Noticed indyram44's ghost (amateur DsFi)
   116 | D:5      | Noticed a gnoll bouda
   175 | D:5      | Noticed a necrophage
   195 | D:5      | Noticed an orc wizard
   198 | D:4      | Noticed a hound
   214 | D:4      | Noticed a hound
   222 | D:4      | Found Zoawepol's Antique Weapon Boutique.
   229 | D:3      | Noticed an ogre
   229 | D:3      | Found a bloodstained altar of Trog.
   229 | D:3      | Found a broken altar of Ashenzari.
   277 | D:3      | Found a hide-covered altar of Uskayaw.
   414 | D:1      | Reached XP level 2. HP: 21/21 MP: 2/2
   638 | D:1      | Reached XP level 3. HP: 15/26 MP: 3/3
   690 | D:1      | Learned a level 2 spell: Blink
  1361 | D:2      | Reached skill level 7 in Stealth
  1608 | D:2      | Reached XP level 4. HP: 24/31 MP: 4/4
  1755 | D:2      | Found Wauloa's Distillery.
  1763 | D:2      | Bought a potion of heal wounds for 55 gold pieces
  1880 | D:3      | Reached skill level 5 in Axes
  1880 | D:3      | Reached skill level 5 in Dodging
  1880 | D:3      | Reached skill level 9 in Stealth
  1880 | D:3      | Reached XP level 5. HP: 41/41 MP: 4/11
  1925 | D:3      | Killed an ogre
  2298 | D:3      | Reached XP level 6. HP: 46/46 MP: 12/12
  2985 | D:4      | Found Hereh's Antique Armour Boutique.
  2992 | D:4      | Noticed Blork the orc
  3026 | D:4      | Killed Blork the orc
  3306 | D:4      | Found Buropt's Antique Weapon Boutique.
  3330 | D:3      | Reached XP level 7. HP: 46/52 MP: 13/13
  3410 | D:4      | Reached skill level 10 in Stealth
  3790 | D:4      | Reached skill level 5 in Translocations
  3857 | D:5      | Found a staircase to the Ecumenical Temple.
  3865 | Temple   | Entered the Ecumenical Temple
  4033 | D:5      | Reached XP level 8. HP: 53/58 MP: 14/14
  4085 | D:5      | Noticed a wraith
  4097 | D:5      | Killed a wraith
  4275 | D:5      | Found a runed translucent door.
  4395 | D:5      | Found a white marble altar of Elyvilon.
  4938 | D:6      | Reached skill level 5 in Spellcasting
  5022 | D:5      | Reached XP level 9. HP: 32/63 MP: 16/16
  5157 | D:5      | Learned a level 4 spell: Manifold Assault
  5356 | D:6      | HP: 1/63 [ice beast (12)]
  5540 | D:6      | Killed from afar by an orc priest

Illustrated notes

Levels and vault maps discovered:
D:1:      tarquinn_simple_flora_water_a, layout_loops_ring
D:2:      layout_rooms, serial_shops, nicolae_shop_trees
D:3:      layout_basic, lemuel_doored_altar, jmf_multi_god_temple,
          minmay_goblin_kobold_house
D:4:      layout_cave_pools, serial_shops, nicolae_stop_n_shop_2,
          nicolae_shop_overgrown_old_shop, shop_statue, enter_ossuary_2,
          uniq_blork_the_orc
D:5:      layout_loops_ring, grunt_temple_overflow_order_and_chaos_2,
          elyvilon_altar_3, minmay_temple_entry_gardened_gates,
          ebering_ghost_sewer_f
D:6:      layout_cave_pools, serial_column_ruins, column_ruins_pillar_2,
          column_ruins_pillar_2, column_ruins_pillar_1, column_ruins_pillar_7,
          column_ruins_pillar_2, column_ruins_pillar_3, column_ruins_pillar_1,
          column_ruins_pillar_3, column_ruins_pillar_9, column_ruins_pillar_1,
          column_ruins_pillar_4, column_ruins_pillar_3, column_ruins_pillar_2,
          moated_statue
Temple:   nicolae_temple_bog_church

Skill      XL: |  1  2  3  4  5  6  7  8 |
---------------+-------------------------+-----
Stealth        | 7 9 10 | 10.7
Fighting       | 6 |  6.8
Axes           | 5 6 |  6.1
Dodging        | 5 6 |  6.1
Spellcasting   | 4 5 |  5.1
Translocations | 4 5 |  5.6

Action                     |  1- 3 |  4- 6 |  7- 9 || total
---------------------------+-------+-------+-------++-------
  Melee: Hand axe          |    69 |    20 |       ||    89
         Constrict         |    23 |    19 |    31 ||    73
         Tentacles         |    12 |    21 |    43 ||    76
         Dagger            |       |    59 |   119 ||   178
         Punch             |       |     4 |     1 ||     5
         War axe           |       |       |    49 ||    49
  Throw: Dart              |       |       |    13 ||    13
  Evoke: Wand              |       |     5 |    10 ||    15
    Use: Scroll            |     9 |     5 |     4 ||    18
         Potion            |     1 |     1 |     2 ||     4
   Stab: Sleeping          |    16 |    10 |     1 ||    27
 Armour: Skin              |     3 |     1 |    12 ||    16
  Dodge: Dodged            |    51 |    46 |   135 ||   232

Table legend: (Time is in decaauts)
 A = Elapsed time spent in this place.
 B = Non-inter-level travel time spent in this place.
 C = Inter-level travel time spent in this place.
 D = Time resting spent in this place.
 E = Time spent auto-exploring this place.
 F = Levels seen in this place.
 G = Mean time per level.
                   A        B        C        D        E       F      G
               +--------+--------+--------+--------+--------+-----+--------+
         Total |   5572 |   5356 |    216 |   1093 |   2683 |   7 |  796.0 |
       Dungeon |   5416 |   5220 |    196 |   1093 |   2556 |   6 |  902.7 |
        Temple |    155 |    135 |     20 |      0 |    127 |   1 |  155.0 |
               +--------+--------+--------+--------+--------+-----+--------+

Top non-repeatable levels by time:
     D:5: 1592 daAuts
     D:3: 1223 daAuts
     D:4: 847 daAuts
     D:2: 760 daAuts
     D:1: 755 daAuts
     D:6: 237 daAuts
  Temple: 155 daAuts
